 Dungeon Crawl Stone Soup version 0.22-a0-248-gc8378ba (webtiles) character file.

136922 Azzok the Earth Mage (level 17, 0/106 HPs)
             Began as a Gargoyle Earth Elementalist on Feb 28, 2018.
             Was the Champion of Vehumet.
             Slain by an alligator (19 damage)
             ... on level 2 of the Swamp.
             The game lasted 01:42:50 (42294 turns).

Azzok the Earth Mage (Gargoyle Earth Elementalist) Turns: 42294, Time: 01:42:51

Health: 0/106      AC: 22    Str: 12    XL:     17   Next: 22%
Magic:  13/47      EV: 12    Int: 28    God:    Vehumet [******]
Gold:   3012       SH:  6    Dex: 10    Spells: 13/38 levels left

rFire    + + .     SeeInvis +   v - staff of power
rCold    + . .     Gourm    .   n - +1 buckler {rF+}
rNeg     + . .     Faith    .   V - +2 robe {rC+}
rPois    ∞         Spirit   .   K - +1 hat {SInv}
rElec    +         Reflect  .   x - +1 cloak {MR+}
rCorr    .         Harm     .   T - +0 pair of gloves
MR       ++...                  (no boots)
Stlth    ++........             g - amulet of the acrobat
HPRegen  0.27/turn              Z - ring of protection from fire
MPRegen  0.30/turn              E - +5 ring of intelligence

@: about to teleport
A: big wings, negative energy resistance 1, electricity resistance, unbreathing,
petrification resistance, rot immunity, AC +12
a: Fly, Renounce Religion


You were on level 2 of the Swamp.
You worshipped Vehumet.
Vehumet was exalted by your worship.
You were very hungry.

You visited 5 branches of the dungeon, and saw 27 of its levels.
You also visited: Ice Cave.

You collected 3012 gold pieces.

Inventory:

Hand Weapons
 c - the +9 hand axe "Coudutus" {holy, *Rage MR+ SInv, unknown}
   (You found it on level 14 of the Dungeon)

   It has been blessed by the Shining One to cause great damage to the undead
   and demons.
   It affects your resistance to hostile enchantments.
   It lets you see invisible.
   It may make you go berserk in combat.
Missiles
 b - 722 stones (quivered)
Armour
 n - a +1 buckler of fire resistance (worn)
 x - a +1 cloak of magic resistance (worn)
 K - a +1 hat of see invisible (worn)
 T - a +0 pair of gloves (worn)
 V - a +2 robe of cold resistance (worn)
Magical Staves
 v - an uncursed staff of power (weapon)
Jewellery
 g - an amulet of the acrobat (around neck)
 h - an uncursed ring of fire
 E - a +5 ring of intelligence (right hand)
 S - an uncursed ring of protection from cold
 W - an uncursed ring of ice
 Z - a ring of protection from fire (left hand)
Wands
 N - a wand of digging (16)
Scrolls
 e - a scroll of fear
 f - 4 scrolls of blinking
 j - a scroll of holy word
 l - 4 scrolls of fog
 m - a scroll of identify
 p - a scroll of silence
 q - 9 scrolls of teleportation
 r - a scroll of magic mapping
 y - 8 scrolls of amnesia
 G - 9 scrolls of remove curse
Potions
 a - 6 potions of lignification
 i - 4 potions of cancellation {unknown}
 k - 6 potions of agility
 o - 3 potions of berserk rage {unknown}
 t - 4 potions of magic {unknown}
 u - a potion of mutation {unknown}
 w - 6 potions of flight {unknown}
 z - 5 potions of curing
 H - 5 potions of brilliance {unknown}
 I - 5 potions of might {unknown}
 L - 5 potions of heal wounds {unknown}
 M - 2 potions of ambrosia {unknown}
 U - a potion of haste {unknown}
 Y - 3 potions of invisibility {unknown}
Miscellaneous
 A - a lightning rod (4/4)
Comestibles
 d - 38 rations


   Skills:
 - Level 12.0 Fighting
 - Level 8.2 Armour
 - Level 1.5 Dodging
 - Level 2.1 Stealth
 + Level 6.1 Shields
 - Level 11.0 Spellcasting
 + Level 17.0 Conjurations
 - Level 4.0 Necromancy
   Level 0.7 Transmutations
 + Level 19.8 Earth Magic


You had 13 spell levels left.
You knew the following spells:

 Your Spells              Type           Power        Failure   Level  Hunger
a - Sandblast             Erth           ######       0%          1    None
b - Stone Arrow           Conj/Erth      ######       0%          3    None
c - Lee's Rapid Deconstr  Erth           #######...   1%          5    ###....
d - Iron Shot             Conj/Erth      #######...   1%          6    #####..
e - Orb of Destruction    Conj           #######...   1%          7    ######.
f - Regeneration          Chrm/Necr      ####......   4%          3    None


Dungeon Overview and Level Annotations

Branches:
Dungeon (15/15)            Temple (1/1) D:5            Lair (6/6) D:9
  Swamp (3/4) Lair:2       Spider (0/4) Lair:4        Slime (0/5) Lair:6
    Orc (2/2) D:11            Elf (0/3) Orc:2        Vaults (0/5) D:13
 Depths (0/5) D:15

Altars:
Ashenzari
Cheibriados
Dithmenos
Elyvilon
Fedhas
Gozag
Hepliaklqana
Kikubaaqudgha
Nemelex Xobeh
Okawaru
Qazlal
Ru
Sif Muna
Trog
Uskayaw
Vehumet
Wu Jian
Xom
Yredelemnul
Zin
The Shining One
Jiyva

Shops:
D:8 }   D:10 *   Orc:2 *=:(

Annotations:
D:9 1 runed door
D:13 2 runed doors
Lair:3 exclusion: oklob plant
Swamp:2 Mara


Innate Abilities, Weirdness & Mutations

You are resistant to torment.
Your stone body is resilient. (AC +12)
You are immune to poison.
Your large and strong wings let you fly indefinitely.
You resist negative energy. (rN+)
You are resistant to electric shocks. (rElec)
You can survive without breathing.
You are immune to petrification.
You are immune to rotting.


Message History

Confirm with . or Enter, or press ? or * to list all spells.
Aiming: Iron Shot (safe; 1% risk of failure)
Press: ? - help, Shift-Dir - straight line, f - Mara, p - alligator
Aim: Mara, wielding a demon whip of electrocution and wearing a robe (thin mist, almost dead)
The iron shot misses Mara.
* * * LOW MAGIC WARNING * * *
The vampire mosquito bites you!
* * * LOW HITPOINT WARNING * * *
Mara blinks!
You block the vampire mosquito's attack.
The alligator bites you but does no damage.
The alligator tail-slaps you but does no damage.
As you read the scroll of teleportation, it crumbles to dust.
You feel strangely unstable.
You block the vampire mosquito's attack.
Mara gestures at you. The bolt of fire hits you! You resist.
* * * LOW HITPOINT WARNING * * *
The alligator bites you!!
You die...

≈≈≈≈≈≈≈≈≈≈≈≈≈··♣···≈≈≈≈≈≈≈≈···>·♣
≈≈≈≈≈≈≈≈≈≈≈≈··♣§≈·≈≈≈≈≈≈≈≈≈·≈≈≈·♣
≈≈≈≈≈≈≈≈≈§·≈≈·≈≈·≈≈≈≈≈≈≈≈≈≈·≈≈··♣
≈≈≈≈··≈····t≈R≈·≈≈≈····≈≈≈··≈≈≈·♣
≈≈≈≈≈·····♣≈···≈≈···≈···§≈··≈≈≈[≈
≈≈≈·≈·≈··♣♣·≈·······≈♣≈·≈···≈≈≈·♣
····≈♣♣♣≈♣≈····§♣♣··♣♣♣·····≈··♣♣
····♣♣ ♣♣♣§♣♣··§♣♣♣♣♣♣···≈≈≈··♣♣
···♣♣ ♣♣♣♣··t@··§♣····≈≈^♣♣♣ ♣♣♣♣
♣♣♣y§····[·§···≈♣♣♣
♣♣♣♣≈··≈§♣≈····≈♣ ♣♣♣♣♣♣♣♣····♣♣
♣ ♣♣♣♣♣♣ ♣♣ ·♣♣ ··♣ ≈♣♣


You could see Mara, 2 alligators and a vampire mosquito.

Vanquished Creatures
  Saint Roka (Orc:2)
  Nikola (Swamp:2)
  Rupert (D:12)
  Frances (D:13)
  Gastronok (D:8)
  Kirke (Lair:5)
  A dire elephant (D:15)
  2 ice dragons (IceCv)
  The ghost of George the Carver, a journeyman MiFi of Makhleb (D:10)
  Fannar (D:11)
  9 hydras
  Erolcha (D:13)
  A vault guard (D:13)
  A centaur warrior (D:9)
  A ghost crab (Swamp:1)
  9 two-headed ogres
  15 death yaks
  4 alligators (Swamp:1)
  A tengu warrior (D:14)
  4 orc high priests (Orc:2)
  Sonja (D:11)
  Nergalle (D:11)
  A glowing orange brain (D:15)
  Pikel (D:8)
  An unseen horror (D:13)
  A swamp dragon (Swamp:1)
  5 orc knights
  16 ugly things
  2 wizards (D:14)
  3 orc sorcerers
  16 slime creatures
  3 cyclopes
  2 centaur zombies
  3 manticores
  Maurice (D:8)
  A naga mage (D:15)
  8 elephants
  Joseph (D:9)
  6 black mambas
  2 ice statues (IceCv)
  A gargoyle (D:13)
  2 centaur skeletons
  6 rime drakes
  25 spiny frogs
  Psyche (D:8)
  6 komodo dragons
  A kobold demonologist (D:11)
  3 meliai (Lair:5)
  3 tengu conjurers (D:14)
  The ghost of Autsider the Grave Robber, an amateur DDNe (D:4)
  A queen bee (Lair:5)
  5 tyrant leeches
  5 trolls
  3 polar bears
  26 blink frogs
  A bog body (Swamp:1)
  17 dream sheep
  6 hornets
  20 hippogriffs
  A spriggan (Swamp:2)
  A spriggan (shapeshifter) (D:14)
  6 wyverns
  A redback (shapeshifter) (D:14)
  40 yaks
  Eustachio (D:4)
  3 shadows
  A water elemental (D:11)
  2 wraiths
  2 steam dragons
  Grum (D:11)
  A basilisk (Lair:3)
  A hog (Lair:5)
  16 vampire mosquitoes
  A hungry ghost (D:15)
  Menkaure (D:4)
  8 wargs
  2 soldier ants
  6 swamp worms
  An acid dragon (D:14)
  35 water moccasins
  2 hell hounds (D:9)
  2 swamp drakes (Swamp:1)
  3 porcupines
  4 black bears
  2 slaves (D:8)
  3 necrophages
  16 ice beasts
  23 orc warriors
  2 eyes of draining
  5 phantoms
  2 sky beasts
  17 ogres
  7 wolves
  6 centaurs
  18 crocodiles
  A big kobold (D:9)
  27 bullfrogs
  A wyvern zombie (D:12)
  Blork the orc (D:4)
  A gnoll sergeant (Orc:2)
  8 scorpions
  A water moccasin skeleton (D:8)
  10 jellies
  52 killer bees
  18 wights
  7 howler monkeys
  11 electric eels
  7 crimson imps
  5 bullfrog zombies
  5 quasits
  9 hounds
  29 orc wizards
  28 orc priests
  3 bullfrog skeletons
  3 iguanas
  A hell rat (Lair:5)
  13 worker ants
  2 hound zombies
  2 worker ant zombies
  A howler monkey skeleton (D:9)
  22 adders
  6 gnolls
  8 shadow imps
  3 oozes
  An adder skeleton (D:4)
  5 worms
  5 dart slugs
  7 leopard geckos
  93 orcs
  A ball python (D:3)
  3 bats
  9 giant cockroaches
  9 goblins
  7 hobgoblins
  6 jackals
  5 kobolds
  3 quokkas
  5 frilled lizards
  A jackal skeleton (D:7)
  A leopard gecko zombie (D:7)
  7 rats
961 creatures vanquished.

Vanquished Creatures (others)
  A spiny frog (Swamp:2)
  2 humans (Lair:5)
  2 slaves (D:8)
  A killer bee (Lair:5)
  25 fungi
  55 plants
86 creatures vanquished.

Grand Total: 1047 creatures vanquished

Notes
Turn   | Place    | Note
-------+----------+-------------------------------------------
     0 | D:1      | Azzok the Gargoyle Earth Elementalist began the quest for the Orb.
     0 | D:1      | Reached XP level 1. HP: 10/10 MP: 3/3
    67 | D:1      | Reached XP level 2. HP: 10/15 MP: 3/5
   194 | D:1      | Reached skill level 4 in Earth Magic
  1296 | D:2      | Reached XP level 3. HP: 11/19 MP: 4/6
  1568 | D:2      | Learned a level 3 spell: Stone Arrow
  2487 | D:2      | Found a sparkling altar of Nemelex Xobeh.
  2729 | D:3      | Reached XP level 4. HP: 9/24 MP: 1/8
  3170 | D:3      | Reached skill level 5 in Earth Magic
  3523 | D:3      | Reached XP level 5. HP: 24/28 MP: 1/10
  4033 | D:4      | Noticed Eustachio
  4123 | D:4      | Killed Eustachio
  4123 | D:4      | Reached skill level 6 in Earth Magic
  4123 | D:4      | Reached XP level 6. HP: 28/32 MP: 3/12
  4290 | D:4      | Noticed Autsider's ghost (amateur DDNe)
  4337 | D:4      | Killed Autsider's ghost
  4337 | D:4      | Reached skill level 5 in Spellcasting
  4337 | D:4      | Reached skill level 7 in Earth Magic
  4337 | D:4      | Reached XP level 7. HP: 15/36 MP: 5/14
  4692 | D:4      | Noticed Menkaure
  4693 | D:4      | Noticed Blork the orc
  4709 | D:4      | Killed Menkaure
  4712 | D:4      | Killed Blork the orc
  4812 | D:4      | Found a basalt altar of Yredelemnul.
  4820 | D:4      | Found an iron altar of Okawaru.
  5663 | D:5      | Entered Level 5 of the Dungeon
  5666 | D:5      | Reached skill level 8 in Earth Magic
  5904 | D:5      | Reached XP level 8. HP: 41/41 MP: 16/16
  6646 | D:5      | Found a staircase to the Ecumenical Temple.
  6654 | Temple   | Entered the Ecumenical Temple
  6748 | Temple   | Became a worshipper of Vehumet
  7049 | D:5      | Found a deep blue altar of Sif Muna.
  7575 | D:6      | Reached skill level 9 in Earth Magic
  7789 | D:5      | Learned a level 5 spell: Lee's Rapid Deconstruction
  8065 | D:6      | Reached skill level 1 in Conjurations
  8649 | D:7      | Reached skill level 1 in Fighting
  8744 | D:7      | Reached * piety under Vehumet
  8744 | D:7      | Offered knowledge of Freeze by Vehumet.
  8881 | D:7      | Reached XP level 9. HP: 47/47 MP: 19/19
  8968 | D:7      | Found an iron altar of Okawaru.
  8979 | D:7      | Reached skill level 10 in Earth Magic
  9715 | D:8      | Noticed Pikel
  9761 | D:8      | Killed Pikel
  9761 | D:8      | Reached skill level 5 in Conjurations
  9996 | D:8      | Reached ** piety under Vehumet
  9996 | D:8      | Offered knowledge of Sting by Vehumet.
  9996 | D:8      | Reached skill level 11 in Earth Magic
  9998 | D:8      | Reached skill level 5 in Fighting
 10144 | D:8      | Reached XP level 10. HP: 59/59 MP: 20/20
 10204 | D:8      | Noticed Maurice
 10213 | D:8      | Killed Maurice
 10442 | D:8      | Reached skill level 12 in Earth Magic
 10686 | D:8      | Found a shimmering altar of Xom.
 10710 | D:8      | Offered knowledge of Searing Ray by Vehumet.
 10716 | D:8      | Noticed Gastronok
 10804 | D:8      | Killed Gastronok
 10804 | D:8      | Reached XP level 11. HP: 68/68 MP: 21/21
 10836 | D:8      | Found Amihuuc's Gadget Shoppe.
 10848 | D:8      | Noticed Psyche
 10851 | D:8      | Killed Psyche
 11081 | D:8      | Noticed a two-headed ogre
 11086 | D:8      | Killed a two-headed ogre
 11411 | D:9      | Found a staircase to the Lair.
 11423 | D:9      | Reached skill level 13 in Earth Magic
 11590 | D:9      | Noticed a two-headed ogre
 11595 | D:9      | Killed a two-headed ogre
 11641 | D:9      | Reached *** piety under Vehumet
 11786 | D:9      | Noticed a two-headed ogre
 11794 | D:9      | Killed a two-headed ogre
 12230 | D:9      | Offered knowledge of Throw Icicle by Vehumet.
 12271 | D:8      | HP: 2/71 [killer bee (5)]
 13055 | D:9      | Noticed a two-headed ogre
 13058 | D:9      | Killed a two-headed ogre
 13058 | D:9      | Reached skill level 10 in Conjurations
 13227 | D:9      | Found a runed door.
 13234 | D:9      | Noticed a white ugly thing
 13246 | D:9      | Reached XP level 12. HP: 77/77 MP: 22/22
 13425 | D:9      | Reached skill level 10 in Fighting
 13425 | D:9      | Reached skill level 14 in Earth Magic
 13715 | D:9      | Reached **** piety under Vehumet
 13722 | D:9      | Noticed a centaur warrior
 13729 | D:9      | Killed a centaur warrior
 13832 | D:9      | Got a brightly glowing ivory ring
 13925 | D:9      | Got a sparkling steel ring
 13940 | D:9      | Identified the ring of Tenteesm {rPois rN+} (You took it off a wight on level 9 of the Dungeon)
 13942 | D:9      | Identified the ring "Xafeu" {Ice *Drain rN+ MR+ SInv} (You took it off a centaur on level 9 of the Dungeon)
 13989 | D:9      | Offered knowledge of Ignite Poison by Vehumet.
 14269 | D:10     | Entered Level 10 of the Dungeon
 14278 | D:10     | Noticed Joseph
 14287 | D:9      | Killed Joseph
 14592 | D:10     | Noticed a two-headed ogre
 14598 | D:10     | Killed a two-headed ogre
 14888 | D:10     | Noticed George's ghost (journeyman MiFi)
 14902 | D:10     | Killed George's ghost
 15062 | D:10     | Learned a level 3 spell: Regeneration
 15091 | D:10     | Found Dal Gukh's General Store.
 15308 | D:11     | Noticed Nergalle
 15325 | D:11     | Noticed a four-headed hydra
 15525 | D:11     | Killed a four-headed hydra
 15578 | D:11     | Noticed Fannar
 15592 | D:11     | Killed Nergalle
 16050 | D:11     | Killed Fannar
 16050 | D:11     | Reached skill level 15 in Earth Magic
 16073 | D:11     | Noticed Sonja
 16209 | D:11     | Killed Sonja
 16308 | D:11     | Reached XP level 13. HP: 82/84 MP: 19/23
 16690 | D:11     | Reached ***** piety under Vehumet
 16704 | D:11     | Offered knowledge of Bolt of Magma by Vehumet.
 16910 | D:11     | Noticed Grum
 16916 | D:11     | Killed Grum
 16988 | D:11     | Found a staircase to the Orcish Mines.
 17870 | D:12     | Noticed Rupert
 17892 | D:12     | Paralysed by Rupert for 2 turns
 17900 | D:12     | Killed Rupert
 17900 | D:12     | Reached skill level 1 in Necromancy
 19525 | Lair:1   | Entered Level 1 of the Lair of Beasts
 19884 | Lair:1   | Reached skill level 16 in Earth Magic
 20051 | Lair:1   | Offered knowledge of Irradiate by Vehumet.
 21336 | Lair:2   | Reached skill level 5 in Armour
 21341 | Lair:2   | Gained mutation: Your large and strong wings let you fly indefinitely. [Gargoyle growth]
 21341 | Lair:2   | Reached XP level 14. HP: 88/92 MP: 17/24
 21488 | Lair:2   | Found a staircase to the Swamp.
 22643 | Lair:3   | Reached skill level 1 in Shields
 23624 | Lair:3   | Found a blossoming altar of Fedhas.
 24504 | Lair:4   | Offered knowledge of Orb of Destruction by Vehumet.
 24513 | Lair:4   | Learned a level 7 spell: Orb of Destruction
 24603 | Lair:4   | Found a hole to the Spider Nest.
 25285 | Lair:5   | Noticed Kirke
 25294 | Lair:5   | Killed Kirke
 25873 | Lair:5   | Reached skill level 5 in Shields
 25873 | Lair:5   | Reached skill level 17 in Earth Magic
 26761 | Lair:5   | Reached XP level 15. HP: 95/96 MP: 25/25
 27072 | Lair:5   | Offered knowledge of Iron Shot by Vehumet.
 27080 | Lair:5   | Learned a level 6 spell: Iron Shot
 27556 | Lair:6   | Entered Level 6 of the Lair of Beasts
 29634 | Lair:6   | Offered knowledge of Spellforged Servitor by Vehumet.
 29701 | Lair:6   | Reached skill level 18 in Earth Magic
 29868 | Lair:6   | Reached skill level 15 in Conjurations
 29912 | Lair:6   | Reached ****** piety under Vehumet
 30270 | Lair:6   | Found a staircase to the Slime Pits.
 30270 | Lair:6   | Found a viscous altar of Jiyva.
 31379 | D:13     | Found the +2 shield of Resistance {rF+ rC+ MR+}
 31379 | D:13     | Found a runed door.
 31423 | D:13     | Noticed Erolcha
 31435 | D:13     | Killed Erolcha
 31852 | D:13     | Found a gate to the Vaults.
 31947 | D:13     | Found a runed door.
 32149 | D:13     | Got a warped emerald amulet
 32164 | D:13     | Identified the amulet of the Everdark {Faith rElec Stlth+} (You found it on level 13 of the Dungeon)
 32270 | D:13     | Noticed Frances
 32276 | D:13     | Killed Frances
 32276 | D:13     | Reached XP level 16. HP: 101/101 MP: 26/29
 32704 | D:14     | Offered knowledge of Ozocubu's Refrigeration by Vehumet.
 32822 | D:14     | Found a frozen archway.
 32831 | IceCv    | Entered an ice cave
 34987 | Orc:1    | Entered Level 1 of the Orcish Mines
 35112 | Orc:2    | Entered Level 2 of the Orcish Mines
 35150 | Orc:2    | Noticed Saint Roka
 35882 | Orc:2    | Killed Saint Roka
 35882 | Orc:2    | Reached skill level 10 in Spellcasting
 35882 | Orc:2    | Reached skill level 19 in Earth Magic
 36418 | Orc:2    | Offered knowledge of Freezing Cloud by Vehumet.
 36963 | Orc:2    | Found Pusoxtoe's Book Shoppe.
 36963 | Orc:2    | Found Isukhlie's Weapon Shoppe.
 36963 | Orc:2    | Found Ogaofem's Jewellery Emporium.
 37229 | Orc:2    | Found Kohuuxut's General Store.
 37386 | Orc:2    | Found a staircase to the Elven Halls.
 38557 | D:14     | Got a twisted hand axe
 38576 | D:15     | Entered Level 15 of the Dungeon
 39206 | D:15     | Found a staircase to the Depths.
 40112 | Swamp:1  | Entered Level 1 of the Swamp
 40133 | Swamp:1  | Reached XP level 17. HP: 60/106 MP: 17/31
 41134 | Swamp:1  | Offered knowledge of Lehudib's Crystal Spear by Vehumet.
 41134 | Swamp:1  | Offered knowledge of Glaciate by Vehumet.
 41134 | Swamp:1  | Offered knowledge of Ignition by Vehumet.
 41834 | Swamp:2  | Noticed Nikola
 41842 | Swamp:2  | Killed Nikola
 42284 | Swamp:3  | Noticed Mara
 42294 | Swamp:2  | Slain by an alligator

Vault maps used:
D:1:      tarquinn_simple_flora_water_b
D:2:      nemelex_xobeh_ov_fountains_minmay, kennysheep_small_spiral
D:3:      minmay_misc_feat_x, kennysheep_pointless_box
D:4:      okawaru_trees_2, first_ration, yredelemnul_altar_generic,
          uniq_blork_the_orc, uniq_eustachio, uniq_menkaure
D:5:      lemuel_coloured_pillars_altar, minmay_temple_entry_glassed_door
D:7:      corexii_shack_village, basic_altar
D:8:      argonaut_augean_stables, xom_teletrap_fun,
          nicolae_overflow_hidden_temple, serial_shops, kennysheep_mini_moat,
          uniq_pikel, uniq_maurice, uniq_gastronok, uniq_psyche
D:9:      minmay_the_grid_triangle_9x9_rhombus_full, minmay_lair_entry_lava
D:10:     serial_shops, shop, uniq_joseph
D:11:     erik_orc_4, uniq_sonja, uniq_grum, uniq_nergalle, uniq_fannar
D:12:     hangedman_pestilent_swarm, uniq_rupert
D:13:     david_vaults_5, minmay_guarded_unrand_resistance, uniq_erolcha,
          uniq_frances
D:14:     portal_ice_cave_entry_pillars_1, moated_statue, minmay_misc_feat_tiny,
          dk_noncrumbling_2
D:15:     hangedman_depths_entry_try_elsewhere_first, minmay_misc_feat_roman,
          minmay_strange_pillars
Temple:   minmay_temple_bridge_d
Lair:1:   gammafunk_lair_bear_cave, lemuel_fruit_tree
Lair:2:   lemuel_reptile_caves, minmay_swamp_entry_worms
Lair:3:   tgw_fedhas, infiniplex_staircase_pool_2
Lair:4:   nicolae_spider_entry_non_spiders, serial_bayou_shore_b
Lair:5:   regret_index_tunnel_blossom, uniq_kirke
Lair:6:   minmay_lair_end_frog_pond, slime_altar_1
Swamp:1:  serial_swamp_ruin, evilmike_swamp_ruin_house_5,
          evilmike_swamp_ruin_rubble_1, evilmike_swamp_ruin_house_6
Swamp:2:  evilmike_swamp_ruin_rubble_2, swamp_pool1, uniq_nikola
Swamp:3:  evilmike_swamp_ruin_house_4, swamp_pool2, uniq_mara
Orc:2:    st_orc_mages, sword_in_stone, uniq_saint_roka
IceCv:    ice_cave_small_dragons

Skill      XL: |  1  2  3  4  5  6  7  8  9 10 11 12 13 14 15 16 17 |
---------------+----------------------------------------------------+-----
Earth Magic    | 4 5 6 7 8 9 11 12 13 15 16 17 18 19 | 19.8
Spellcasting   | 3 4 5 7 9 10 11 | 11.0
Conjurations   | 2 5 8 10 11 13 14 15 16 17 | 17.0
Fighting       | 1 5 8 9 11 12 | 12.0
Armour         | 5 8 |  8.2
Necromancy     | 3 4 |  4.0
Shields        | 5 6 |  6.1
Dodging        | |  1.5
Stealth        | |  2.1
Transmutations | |  0.7

Action                   |  1- 3 |  4- 6 |  7- 9 | 10-12 | 13-15 | 16-18 || total
-------------------------+-------+-------+-------+-------+-------+-------++-------
Melee: Unarmed           |    49 |       |       |       |       |       ||    49
       Club              |   155 |    36 |       |       |       |       ||   191
       Dagger            |       |    21 |       |       |       |       ||    21
       Staff             |       |       |     6 |       |    13 |     1 ||    20
 Cast: Sandblast         |    16 |    25 |    14 |    65 |    38 |    40 ||   198
       Stone Arrow       |     3 |     6 |   188 |   310 |   920 |   416 ||  1843
       Lee's Rapid Decon |       |       |       |     8 |    51 |    28 ||    87
       Regeneration      |       |       |       |       |     1 |       ||     1
       Orb of Destructio |       |       |       |       |    22 |    41 ||    63
       Iron Shot         |       |       |       |       |     2 |    25 ||    27
Evoke: Wand              |       |       |       |       |     2 |       ||     2
  Use: Scroll            |       |     4 |       |     3 |    15 |    10 ||    32
       Potion            |       |       |       |       |     1 |       ||     1
 Stab: Sleeping          |     5 |     3 |       |       |       |       ||     8
  Eat: Chunk             |     5 |     7 |    18 |    17 |    56 |    36 ||   139
       Ration            |       |       |     1 |     1 |     4 |     6 ||    12
Armor: Robe              |    77 |    19 |    38 |   104 |   213 |    99 ||   550
Dodge: Dodged            |   133 |    39 |    80 |   159 |   277 |   102 ||   790
Block: Buckler           |       |       |       |       |    52 |    65 ||   117

Table legend:
 A = Spawn XP
 B = Non-spawn XP
 C = Spawn XP percentage of total XP
 D = Spawn monster count
 E = Non-spawn monster count
 F = Spawn count percentage of total count
 G = Total turns spent on level
                    A         B        C        D         E        F      G
               +---------+---------+-------+---------+---------+-------+---------
         Total |       0 |  195604 |   0.0 |       0 |     959 |   0.0 | 42294
               +---------+---------+-------+---------+---------+-------+---------
           D:1 |       0 |      33 |   0.0 |       0 |      15 |   0.0 |  1247
           D:2 |       0 |      47 |   0.0 |       0 |      20 |   0.0 |  1455
           D:3 |       0 |     121 |   0.0 |       0 |      20 |   0.0 |  1390
           D:4 |       0 |     895 |   0.0 |       0 |      13 |   0.0 |  1728
           D:5 |       0 |     459 |   0.0 |       0 |      24 |   0.0 |  1900
           D:6 |       0 |     589 |   0.0 |       0 |      17 |   0.0 |   572
           D:7 |       0 |     456 |   0.0 |       0 |      23 |   0.0 |   946
           D:8 |       0 |    9147 |   0.0 |       0 |      52 |   0.0 |  2336
           D:9 |       0 |   10549 |   0.0 |       0 |      72 |   0.0 |  2788
          D:10 |       0 |    3987 |   0.0 |       0 |      25 |   0.0 |  1347
          D:11 |       0 |    9794 |   0.0 |       0 |      64 |   0.0 |  2003
          D:12 |       0 |    9762 |   0.0 |       0 |      43 |   0.0 |  1863
          D:13 |       0 |   12205 |   0.0 |       0 |      41 |   0.0 |  1559
          D:14 |       0 |   11196 |   0.0 |       0 |      43 |   0.0 |  1351
          D:15 |       0 |   13440 |   0.0 |       0 |      38 |   0.0 |  1398
        Lair:1 |       0 |    4946 |   0.0 |       0 |      26 |   0.0 |  1338
        Lair:2 |       0 |    7613 |   0.0 |       0 |      54 |   0.0 |  2012
        Lair:3 |       0 |    6844 |   0.0 |       0 |      18 |   0.0 |  1234
        Lair:4 |       0 |    8096 |   0.0 |       0 |      38 |   0.0 |  1328
        Lair:5 |       0 |   19729 |   0.0 |       0 |      75 |   0.0 |  2817
        Lair:6 |       0 |   25822 |   0.0 |       0 |      89 |   0.0 |  2769
       Swamp:1 |       0 |    9369 |   0.0 |       0 |      22 |   0.0 |  1282
       Swamp:2 |       0 |    6557 |   0.0 |       0 |       9 |   0.0 |   894
         Orc:1 |       0 |    1741 |   0.0 |       0 |      18 |   0.0 |  1375
         Orc:2 |       0 |   16710 |   0.0 |       0 |      80 |   0.0 |  2080
         IceCv |       0 |    5497 |   0.0 |       0 |      20 |   0.0 |  1110
               +---------+---------+-------+---------+---------+-------+---------
